 Dungeon Crawl Stone Soup version 0.19.5 (webtiles) character file.

35 tidbits the Sneak (level 3, 4/25 HPs)
             Began as a High Elf Wanderer on Oct 29, 2017.
             Was an Initiate of Okawaru.
             Quit the game on level 4 of the Dungeon.
             The game lasted 00:06:26 (654 turns).

tidbits the Sneak (High Elf Wanderer)                Turns: 654, Time: 00:06:27

Health: 4/25       AC:  3    Str: 11    XL:     3   Next: 17%
Magic:  4/4        EV: 12    Int: 14    God:    Okawaru [......]
Gold:   105        SH:  0    Dex: 17    Spells: 0 memorised, 2 levels left

rFire  . . .     SeeInvis .     a - +0 dagger
rCold  . . .     Gourm    .     B - +0 leather armour
rNeg   . . .     Faith    .     (no shield)
rPois  .         Spirit   .     (no helmet)
rElec  .         Reflect  .     (no cloak)
rCorr  .         Harm     .     (no gloves)
MR     .....                    (no boots)
Stlth  +++.......               (no amulet)
                                (no ring)
                                (no ring)

@: no status effects
A: no striking features
a: Renounce Religion


You were on level 4 of the Dungeon.
You worshipped Okawaru.
Okawaru was noncommittal.
You were not hungry.

You visited 1 branch of the dungeon, and saw 4 of its levels.

You collected 105 gold pieces.

Inventory:

Hand Weapons
 a - a +0 dagger (weapon)
Missiles
 b - 30 stones (quivered)
 e - 27 poisoned needles
 g - 22 arrows
Armour
 B - a +0 leather armour (worn)
Scrolls
 h - a scroll of immolation {unknown}
 i - a scroll of magic mapping {unknown}
 j - a scroll of recharging {unknown}
 l - a scroll of identify {unknown}
Books
 c - Sif Muna's Handbook of Snow

   Spells                             Type                      Level
   a - Freeze                         Ice                          1
   b - Ozocubu's Armour               Charms/Ice                   3
 d - the Catalogue of Transformation

   Spells                             Type                      Level
   a - Sticks to Snakes               Transmutation                2
   b - Passwall                       Transmutation/Earth          2
Comestibles
 f - a bread ration
 k - a meat ration
 m - a royal jelly


   Skills:
 + Level 2.8 Fighting
 - Level 1.0 Throwing
 - Level 2.1 Dodging
 - Level 4.3 Stealth
   Level 2.1 Transmutations
   Level 1.2 Air Magic


You had 2 spell levels left.
You didn't know any spells.

Dungeon Overview and Level Annotations

Branches:
Dungeon (4/15)
 Temple: D:4-7

Altars:
Elyvilon
Okawaru
Xom
The Shining One

Annotations:
D:2 Sigmund


Message History

The jackal is heavily wounded.
The jackal misses you.
You hit the jackal.
You kill the jackal!
Okawaru accepts your kill.
Found 19 gold pieces.
You see here 19 gold pieces.
You now have 105 gold pieces (gained 19).
An adder skeleton comes into view.
A hound comes into view.
The helpless adder skeleton fails to defend itself.
You puncture the adder skeleton!
You destroy the adder skeleton!
Okawaru accepts your kill.
Search for what [? for help]? weapon Search for what [Enter for "weapon", or ? for help]? armour The hound barks!
Throwing (i - inventory. (,) - cycle):
n - 2 throwing nets (quivered)
{!f}
Press: ? - help, Shift-Dir - straight line, f - hound
Aim: a hound Really fire
n - 2 throwing nets {!f}?
You throw a throwing net {!f}. The throwing net {!f} hits the hound.
The hound is caught in the net!
The hound struggles against the net.
You hit the hound.
The hound is lightly wounded.
The hound struggles against the net. x2
You completely miss the hound.
The hound is lightly wounded.
The hound struggles against the net.
The net rips apart, and the hound comes free!
You hit the hound but do no damage.
The hound is lightly wounded.
The hound bites you. The hound bites you but does no damage.
You hit the hound.
The hound is lightly wounded.
The hound misses you.
You hit the hound.
The hound is lightly wounded.
The hound bites you. x2
You hit the hound but do no damage.
The hound is lightly wounded.
The hound bites you.
You miss the hound.
The hound is lightly wounded.
The hound bites you but does no damage. The hound misses you.
Throwing (i - inventory. (,) - cycle):
n - a throwing net (quivered)
{!f}
Press: ? - help, Shift-Dir - straight line, f/p - hound
Aim: a hound (lightly wounded) Really fire
n - a throwing net {!f}?
You throw a throwing net {!f}. The throwing net {!f} hits the hound.
The hound is caught in the net!
The hound is lightly wounded.
The hound struggles against the net.
You hit the hound but do no damage.
The hound is lightly wounded.
The hound struggles against the net. x2
The net rips apart, and the hound comes free!
You hit the hound.
The hound is moderately wounded.
The hound bites you.
* * * LOW HITPOINT WARNING * * *
You aren't carrying any potions.
Unknown command.
You completely miss the hound.
The hound is moderately wounded.
The hound barely misses you. The hound bites you but does no damage.
You barely miss the hound.
The hound is moderately wounded.
The hound bites you.
* * * LOW HITPOINT WARNING * * *
You hit the hound.
The hound is moderately wounded.
The hound misses you. The hound bites you.
* * * LOW HITPOINT WARNING * * *
You hit the hound but do no damage.
The hound is moderately wounded.
The hound bites you.
* * * LOW HITPOINT WARNING * * *
You hit the hound.
The hound is heavily wounded.
The hound bites you.
* * * LOW HITPOINT WARNING * * *
The hound barely misses you.
You aren't carrying any potions.
You hit the hound but do no damage.
The hound is heavily wounded.
The hound barely misses you.
Okay, then.
You don't know any spells.
You hit the hound but do no damage.
The hound is heavily wounded.
The hound barely misses you. The hound completely misses you.
You hit the hound but do no damage.
The hound is moderately wounded.
The hound barely misses you.
You hit the hound.
The hound is heavily wounded.
The hound closely misses you. The hound bites you.
* * * LOW HITPOINT WARNING * * *
Are you sure you want to abandon this character and quit the game? (Confirm with "yes".)

#.#.....#....#
#.#..........# ####
#.#..........#
..###...###......#
#.##.............#
##.##.............#
#.................#
#####..................
#....h@................
#.....###.......######.
#..... #.......# #.
#..... ########.......
#..... ....... #.....
...... #..... ......
#..... ######


You could see a hound.

Vanquished Creatures
  An adder skeleton (D:4)
  2 worms
  A leopard gecko (D:2)
  A ball python (D:3)
  3 bats
  2 goblins
  A hobgoblin (D:1)
  6 jackals
  A quokka (D:3)
  3 kobolds
  2 rats (D:3)
23 creatures vanquished.

Notes
Turn   | Place    | Note
-------+----------+-------------------------------------------
     0 | D:1      | tidbits the High Elf Wanderer began the quest for the Orb.
     0 | D:1      | tidbits set off with: a +0 leather armour, 3 throwing nets {!f}, Sif Muna's Handbook of Snow, the Catalogue of Transformation, a +0 dagger, a bread ration
     0 | D:1      | Reached XP level 1. HP: 11/11 MP: 2/2
     0 | D:1      | Identified Sif Muna's Handbook of Snow
     0 | D:1      | Identified the Catalogue of Transformation
    69 | D:1      | Reached skill level 1 in Fighting
   142 | D:1      | Reached XP level 2. HP: 12/19 MP: 3/3
   161 | D:1      | Reached skill level 2 in Fighting
   276 | D:3      | Found a white marble altar of Elyvilon.
   277 | D:3      | Found an iron altar of Okawaru.
   281 | D:3      | Found a shimmering altar of Xom.
   281 | D:3      | Found a glowing golden altar of the Shining One.
   285 | D:3      | Became a worshipper of Warmaster Okawaru
   512 | D:2      | Reached XP level 3. HP: 25/25 MP: 4/4
   537 | D:2      | Noticed Sigmund
   654 | D:4      | Quit the game

Skill      XL: |  1  2 |
---------------+-------+-----
Fighting       | 1 2 |  2.8
Throwing       | |  1.0
Dodging        | |  2.1
Stealth        | |  4.3
Transmutations | |  2.1
Air Magic      | |  1.2

Action                   || total
-------------------------++-------
Melee: Dagger            ||   109
Throw: Throwing net      ||     5
 Stab: Held in net/web   ||     3
       Sleeping          ||     7
Armor: Leather armour    ||    26
Dodge: Dodged            ||    92

Table legend:
 A = Turns spent in this place as a percentage of turns spent in the entire game.
 B = Non-inter-level travel turns spent in this place as a percentage of non-inter-level travel turns spent in the entire game.
 C = Inter-level travel turns spent in this place as a percentage of turns spent in this place.
 D = Turns resting spent in this place as a percentage of non-inter-level travel turns spent in this place.
 E = Turns spent auto-exploring this place as a percentage of non-inter-level travel turns spent in this place.
 F = Non-inter-level travel turns spent in this place divided by the number of levels of this place that you've seen.
                   A       B       C       D       E      F
               +-------+-------+-------+-------+-------+----------------------
         Total | 100.0 | 100.0 |   0.0 |   0.0 |   0.0 | 158.8
       Dungeon | 100.0 | 100.0 |   0.0 |   0.0 |   0.0 | 158.8
               +-------+-------+-------+-------+-------+----------------------

Table legend:
 A = Kills in this place as a percentage of kills in entire the game.
 B = Kills by you in this place as a percentage of kills by you in the entire game.
 C = Kills by friends in this place as a percentage of kills by friends in the entire game.
 D = Other kills in this place as a percentage of other kills in the entire game.
 E = Experience gained in this place as a percentage of experience gained in the entire game.
 F = Experience gained in this place divided by the number of levels of this place that you have seen.
                   A       B       C       D       E      F
               +-------+-------+-------+-------+-------+----------------------
         Total | 100.0 | 100.0 |  -nan |  -nan | 100.0 |  12.8
       Dungeon | 100.0 | 100.0 |  -nan |  -nan | 100.0 |  12.8
               +-------+-------+-------+-------+-------+----------------------

Vault maps used:
D:1:      dpeg_arrival_another_circle
D:2:      kennysheep_generic_room_8, uniq_iyjb, uniq_sigmund, uniq_jessica
D:3:      minmay_goblin_kobold_castle, grunt_temple_overflow_open, uniq_natasha
D:4:      uniq_pikel
